AoeStats
← WRYCentaur

MegaRandom

505355218Analyzed
2v2 RM · 22d ago on Sep 9, 2026· 54m 14s· 4 players
Game mode
Random Map
Map size
Medium (4 player)
Population
200
Speed
Normal
Resources
Standard
Victory
Conquest
Starting age
Dark Age
Ending age
Imperial Age
RankedLock teamsTeams togetherTeam positionsShared explorationLock speedFull tech treeHidden civsTurbo modeCheats
Victory
Defeat
🇨🇦 Vietnamese · Canada
1092
+14
🇨🇦 Teutons · Canada
1052
+14
🇨🇴 Magyars · Colombia
1039
-14
🇨🇴 Burgundians · Colombia
1039
-14
nandeque
7:18 Loom
11:12 Feudal Age
11:45 Double-Bit Axe
23:39 Castle Age
21:40 Horse Collar
22:17 Forging
22:13 Scale Barding Armor
23:20 Heavy Plow
24:24 Husbandry
24:32 Cavalier
38:26 Imperial Age
37:30 Fletching
37:41 Padded Archer Armor
41:18 Conscription
47:57 Paladin
49:02 Chain Barding Armor
53:08 Elite Skirmisher
gustavoacostar1991
0:37 Loom
12:05 Feudal Age
12:35 Double-Bit Axe
17:08 Wheelbarrow
19:54 Fletching
26:09 Castle Age
35:40 Bodkin Arrow
PolitelyVillainous
6:30 Loom
11:26 Feudal Age
12:32 Double-Bit Axe
15:26 Fletching
15:36 Padded Archer Armor
15:43 Horse Collar
21:44 Castle Age
22:21 Bodkin Arrow
22:50 Heavy Plow
23:26 Wheelbarrow
24:49 Crossbowman
31:20 Hand Cart
35:32 Thumb Ring
38:23 Imperial Age
39:02 Arbalester
47:24 Pikeman
48:41 Bracer
50:09 Scale Mail Armor
50:19 Forging
53:52 Ballistics
54:32 Chemistry
WRYCentaur
7:06 Loom
10:33 Feudal Age
17:06 Horse Collar
17:13 Double-Bit Axe
21:03 Castle Age
19:54 Forging
20:35 Bloodlines
20:36 Scale Barding Armor
22:07 Wheelbarrow
23:24 Bow Saw
27:10 Chain Barding Armor
28:49 Iron Casting
28:29 Heavy Plow
37:11 Scale Mail Armor
40:44 Hand Cart
41:50 Gold Mining
44:45 Imperial Age
47:11 Imperial Age
47:12 Cavalier
48:30 Plate Barding Armor
48:56 Blast Furnace
53:09 Paladin
Connection lost

Rejoining the realm…

Still unreachable

The connection could not be restored.

Session expired

The server has moved on; the page needs a fresh start.